 Dungeon Crawl Stone Soup version 0.29-a0-322-g68df515428 (webtiles) character file.

Game seed: 855193529398154577

652710 Zonian the Executioner (level 27, -1/167 (198) HPs)
             Began as a Gnoll Ice Elementalist on Apr 1, 2022.
             Was an Elder of Cheibriados.
             Succumbed to an ushabti's dark miasma
             ... on level 1 of the Tomb of the Ancients on Apr 8, 2022.
             The game lasted 07:38:01 (112040 turns).

Zonian the Executioner (Gnoll Ice Elementalist)   Turns: 112040, Time: 07:38:02

HP:   -1/167 (198)  AC: 38    Str: 23 (26) XL:     27
MP:   24/47         EV: 17    Int: 33 (35) God:    Cheibriados [****..]
Gold: 6638          SH: 20    Dex: 18 (19) Spells: 8/66 levels left

rFire   + + +      SeeInvis +   o - +7 broad axe of Pifuxiod {drain, Str+4}
rCold   + + +      Faith    .   T - +0 kite shield {reflect}
rNeg    + + .      Spirit   .   j - +16 plate armour of Love and Death {rC++ Will+++ Dex-3 Stlth+}
rPois   +          Reflect  +   v - +0 helmet of the Mackerel {rElec rPois}
rElec   +          Harm     .   p - scarf {shadows}
rCorr   +          Rampage  .   S - +1 pair of gloves {Str+3}
Will    +++++                   Y - +2 pair of boots
Stlth   ++++......              d - amulet of Serendipity {Reflect rPois Regen+ rCorr Str-4 SH+5}
HPRegen 1.17/turn               f - ring of Qazlal's Benevolence {rF+++ rC++ Str+4 Dex-4 SInv}
MPRegen 0.30/turn               k - ring of Egeschaso {rN++ Will+ Int+4}

@: lethally poisoned (-1 -> -7), studying 3 skills, heavily drained, unable to
read, very slow
A: fangs 1, strong nose, distributed training, deformed body, deterioration 1,
frail 1, electricity resistance, inability to read while threatened
}: 4/15 runes: barnacled, slimy, silver, gossamer
a: Renounce Religion, Bend Time, Temporal Distortion, Slouch


You were on level 1 of the Tomb of the Ancients.
You worshipped Cheibriados.
Cheibriados was greatly pleased with you.
You visited 16 branches of the dungeon, and saw 60 of its levels.
You visited 2 bazaars.
You also visited: Trove, Bailey and Gauntlet.

You collected 11854 gold pieces.
You spent 5216 gold pieces at shops.

Inventory:

Hand Weapons
 o - the +7 broad axe of Pifuxiod (weapon) {drain, Str+4}
   (You acquired it on level 3 of the Vaults)

   A truly terrible weapon, it drains the life of any living foe it strikes.
   Str:       It affects your strength (+4).
 s - a +4 hand crossbow of flaming
 u - a +8 demon blade of electrocution
 K - the +8 Vampire's Tooth {vamp}
   (You found it in a Gauntlet)

   It occasionally heals its wielder for the full amount of damage dealt when it
   wounds a living foe.
 R - the +5 quick blade of Ataerar {holy, *Noise rPois SInv Stlth+}
   (You acquired it on level 4 of the Shoals)

   It has been blessed by the Shining One to cause great damage to the undead
   and demons.
   rPois:     It protects you from poison.
   SInv:      It lets you see invisible.
   *Noise:    It may make noises in combat.
   Stlth:     It makes you more stealthy.
 W - the +9 staff of Olgreb {rPois∞}
   (You took it off Arachne on level 2 of the Spider Nest)

   If the wielder is skilled in Evocations, they can envenom those struck by it,
   dealing poison damage which bypasses armour.
   It enhances your poison magic.
   It grants immunity to poison.
   It can be activated via the 'a'bility menu to radiate toxic energy, with
   effectiveness depending on Evocations skill.
Missiles
 n - 20 curare-tipped darts
 J - 9 boomerangs of dispersal
 O - 8 silver javelins
Armour
 j - the +16 plate armour of Love and Death (worn) {rC++ Will+++ Dex-3 Stlth+}
   (You acquired it on level 5 of the Vaults)

   Dex:       It affects your dexterity (-3).
   rC:        It greatly protects you from cold.
   Will:      It greatly increases your willpower.
   Stlth:     It makes you more stealthy.
 p - a scarf of shadows (worn)
 v - the +0 helmet of the Mackerel (worn) {rElec rPois}
   (You found it on level 3 of the Dungeon)

   rElec:     It insulates you from electricity.
   rPois:     It protects you from poison.
 F - the +0 robe of Action {Fly rPois Will- Str+3}
   (You found it on level 6 of the Dungeon)

   Str:       It affects your strength (+3).
   rPois:     It protects you from poison.
   Fly:       It grants you flight.
   Will:      It decreases your willpower.
 S - a +1 pair of gloves of strength (worn)
 T - a +0 kite shield of reflection (worn)
 X - a +0 cloak of preservation
 Y - a +2 pair of boots (worn)
Jewellery
 d - the amulet of Serendipity (around neck) {Reflect rPois Regen+ rCorr Str-4 SH+5}
   (You found it on level 3 of the Crypt)

   [amulet of reflection]

   It reflects blocked missile attacks.
   Str:       It affects your strength (-4).
   rPois:     It protects you from poison.
   Regen:     It increases your rate of health regeneration.
   rCorr:     It protects you from acid and corrosion.
   SH:        It affects your SH (+5).
 f - the ring of Qazlal's Benevolence (left hand) {rF+++ rC++ Str+4 Dex-4 SInv}
   (You took it off a minotaur in a Gauntlet)

   [ring of see invisible]

   Str:       It affects your strength (+4).
   Dex:       It affects your dexterity (-4).
   rF:        It renders you almost immune to fire.
   rC:        It greatly protects you from cold.
   SInv:      It lets you see invisible.
 k - the ring of Egeschaso (right hand) {rN++ Will+ Int+4}
   (You found it in a treasure trove)

   [ring of willpower]

   Int:       It affects your intelligence (+4).
   rN:        It greatly protects you from negative energy.
   Will:      It increases your willpower.
 w - the ring "Nierph" {rPois rF+ rC- Will+ Str+2 Int+2 Stlth+}
   (You found it on level 4 of the Dungeon)

   [ring of poison resistance]

   Str:       It affects your strength (+2).
   Int:       It affects your intelligence (+2).
   rF:        It protects you from fire.
   rC:        It makes you vulnerable to cold.
   rPois:     It protects you from poison.
   Will:      It increases your willpower.
   Stlth:     It makes you more stealthy.
 I - the ring "Wennaved" {Str+4 Dex+6}
   (You bought it in a shop on level 5 of the Vaults)

   [ring of dexterity]

   Str:       It affects your strength (+4).
   Dex:       It affects your dexterity (+6).
Wands
 g - a wand of mindburst (10)
 r - a wand of charming (10)
 z - a wand of acid (8)
 B - a wand of digging (10)
 M - a wand of iceblast (13)
Scrolls
 a - 2 scrolls of summoning
 e - 11 scrolls of magic mapping
 m - a scroll of fear
 x - 4 scrolls of silence
 y - 13 scrolls of fog
 C - 3 scrolls of holy word
 D - 2 scrolls of brand weapon
 G - 4 scrolls of immolation
 H - 5 scrolls of blinking
 V - 19 scrolls of teleportation
Potions
 b - 3 potions of magic
 c - 3 potions of cancellation
 h - 12 potions of brilliance
 i - 5 potions of resistance
 l - 6 potions of heal wounds
 q - 5 potions of ambrosia
 A - 22 potions of curing
 E - 7 potions of might
 N - 5 potions of berserk rage
 U - 3 potions of invisibility
Miscellaneous
 t - a condenser vane
 L - a box of beasts
 P - a lightning rod (4/4)
 Q - a tin of tremorstones (1/2)


   Skills:
 + Level 18.8 Fighting
 + Level 22.5 Short Blades
 + Level 18.8 Long Blades
 + Level 22.5 Axes
 + Level 18.8 Maces & Flails
 + Level 18.8 Polearms
 + Level 18.8 Staves
 + Level 18.8 Slings
 + Level 18.8 Bows
 + Level 18.8 Crossbows
 + Level 18.8 Throwing
 + Level 18.8 Armour
 + Level 19.3 Dodging
 + Level 19.2 Stealth
 + Level 18.8 Shields
 + Level 18.8 Unarmed Combat
 + Level 20.3 Spellcasting
 + Level 16.1 Conjurations
 + Level 16.1 Hexes
 + Level 16.1 Summonings
 + Level 16.1 Necromancy
 + Level 16.1 Translocations
 + Level 16.1 Transmutations
 + Level 16.1 Fire Magic
 + Level 17.4 Ice Magic
 + Level 16.1 Air Magic
 + Level 16.1 Earth Magic
 + Level 16.1 Poison Magic
 + Level 20.4 Invocations
 + Level 18.8 Evocations


You had 8 spell levels left.
You knew the following spells:

 Your Spells              Type           Power      Damage    Failure   Level
a - Freeze                Ice            100%       1d11      0%          1
b - Frozen Ramparts       Ice            100%       1d12      1%          3
c - Ozocubu's Armour      Ice            99%        N/A       1%          3
d - Hailstorm             Conj/Ice       97%        3d19      1%          4
e - Airstrike             Air            48%        N/A       1%          4
f - Wereblood             Tmut           96%        N/A       1%          2
g - Dispel Undead         Necr           96%        3d30      1%          4
h - Summon Forest         Summ/Tloc      48%        N/A       1%          5
i - Flame Wave            Conj/Fire      96%        2d16      1%          4
j - Borgnjor's Vile Clut  Necr/Erth      48%        N/A       1%          5
k - Iron Shot             Conj/Erth      48%        9d9       1%          6
l - Blink                 Tloc           100%       N/A       1%          2
m - Mephitic Cloud        Conj/Pois/Air  96%        N/A       1%          3
n - Death Channel         Necr           48%        N/A       1%          6
o - Dispersal             Tloc           48%        N/A       1%          6

Your spell library contained the following spells:

 Spells                   Type           Power      Damage    Failure   Level
 Beastly Appendage        Tmut           100%       N/A       0%          1
 Foxfire                  Conj/Fire      100%       2x1d9     0%          1
 Magic Dart               Conj           100%       1d8       0%          1
 Pain                     Necr           100%       1d9       0%          1
 Shock                    Conj/Air       100%       1d9       0%          1
 Slow                     Hex            100%       N/A       0%          1
 Sting                    Tmut/Pois      100%       1d8       0%          1
 Summon Small Mammal      Summ           100%       N/A       0%          1
 Ensorcelled Hibernation  Hex/Ice        100%       N/A       0%          2
 Call Imp                 Summ           96%        N/A       1%          2
 Corpse Rot               Necr/Air       100%       N/A       1%          2
 Passwall                 Tmut/Erth      80%        N/A       1%          2
 Poisonous Vapours        Pois/Air       100%       N/A       1%          2
 Searing Ray              Conj           100%       2d8       1%          2
 Static Discharge         Conj/Air       96%        N/A       1%          2
 Sublimation of Blood     Necr           96%        N/A       1%          2
 Call Canine Familiar     Summ           96%        N/A       1%          3
 Confusing Touch          Hex            96%        N/A       1%          3
 Conjure Flame            Conj/Fire      96%        6-21      1%          3
 Gell's Gravitas          Tloc           96%        N/A       1%          3
 Ignite Poison            Fire/Tmut/Pois 96%        N/A       1%          3
 Inner Flame              Hex/Fire       96%        N/A       1%          3
 Spider Form              Tmut/Pois      96%        N/A       1%          3
 Summon Guardian Golem    Hex/Summ       96%        N/A       1%          3
 Swiftness                Air            96%        N/A       1%          3
 Teleport Other           Tloc           96%        N/A       1%          3
 Tukima's Dance           Hex            96%        N/A       1%          3
 Vampiric Draining        Necr           96%        2d12      1%          3
 Anguish                  Hex/Necr       48%        N/A       1%          4
 Animate Armour           Summ/Erth      100%       N/A       1%          4
 Animate Dead             Necr           48%        N/A       1%          4
 Cause Fear               Hex            48%        N/A       1%          4
 Fulminant Prism          Conj/Hex       48%        3d21      1%          4
 Ice Form                 Ice/Tmut       97%        N/A       1%          4
 Iskenderun's Mystic Bla  Conj/Tloc      96%        2d19      1%          4
 Olgreb's Toxic Radiance  Pois           96%        N/A       1%          4
 Passage of Golubria      Tloc           96%        N/A       1%          4
 Petrify                  Tmut/Erth      96%        N/A       1%          4
 Sticky Flame             Conj/Fire      96%        2d11      1%          4
 Summon Ice Beast         Ice/Summ       97%        N/A       1%          4
 Summon Lightning Spire   Summ/Air       96%        N/A       1%          4
 Agony                    Necr           96%        N/A       1%          5
 Alistair's Intoxication  Tmut/Pois      64%        N/A       1%          5
 Blade Hands              Tmut           48%        N/A       1%          5
 Excruciating Wounds      Necr           48%        N/A       1%          5
 Fireball                 Conj/Fire      48%        3d19      1%          5
 Freezing Cloud           Conj/Ice/Air   48%        6-21      1%          5
 Irradiate                Conj/Tmut      48%        3d29      1%          5
 Iskenderun's Battlesphe  Conj           96%        2d14      1%          5
 Lightning Bolt           Conj/Air       48%        1d68      1%          5
 Manifold Assault         Tloc           96%        N/A       1%          5
 Metabolic Englaciation   Hex/Ice        48%        N/A       1%          5
 Silence                  Hex/Air        48%        N/A       1%          5
 Summon Mana Viper        Hex/Summ       96%        N/A       1%          5
 Yara's Violent Unravell  Hex/Tmut       48%        3d19      1%          5
 Conjure Ball Lightning   Conj/Air       48%        3x3d17    1%          6
 Eringya's Noxious Bog    Tmut/Pois      48%        N/A       1%          6
 Simulacrum               Ice/Necr       48%        N/A       1%          6
 Starburst                Conj/Fire      48%        6d13      1%          6
 Statue Form              Tmut/Erth      64%        N/A       1%          6
 Summon Cactus Giant      Summ           48%        N/A       1%          6
 Enfeeble                 Hex            48%        N/A       11%         7
 Haunt                    Necr/Summ      48%        N/A       11%         7
 Malign Gateway           Summ/Tloc      48%        N/A       11%         7
 Orb of Destruction       Conj           48%        9d13      11%         7
 Spellforged Servitor     Conj/Summ      48%        N/A       11%         7
 Storm Form               Tmut/Air       48%        N/A       11%         7
 Summon Hydra             Summ           48%        N/A       11%         7
 Borgnjor's Revivificati  Necr           48%        N/A       63%         8
 Discord                  Hex            48%        N/A       63%         8
 Disjunction              Tloc           48%        N/A       63%         8
 Ignition                 Fire           48%        3d14      63%         8
 Infestation              Necr           48%        N/A       63%         8
 Lehudib's Crystal Spear  Conj/Erth      48%        10d11     63%         8
 Maxwell's Capacitive Co  Air            48%        ∞         63%         8
 Necromutation            Tmut/Necr      48%        N/A       63%         8
 Summon Horrible Things   Summ           48%        N/A       63%         8
 Death's Door             Necr           48%        N/A       100%        9
 Polar Vortex             Ice            49%        N/A       100%        9


Dungeon Overview and Level Annotations

Branches:
Dungeon (15/15)            Temple (1/1) D:5            Lair (6/6) D:9
 Shoals (4/4) Lair:4       Spider (4/4) Lair:4        Slime (5/5) Lair:6
    Orc (2/2) D:12            Elf (3/3) Orc:2        Vaults (5/5) D:14
  Crypt (3/3) Vaults:2       Tomb (1/3) Crypt:3      Depths (4/4) D:15
   Hell (visited)             Dis (1/7) Hell            Geh (0/7) Hell
    Coc (1/7) Hell            Tar (0/7) Hell            Zot (4/5) Depths:4
 Bailey (visited)         Gauntlet (visited)

Altars:
Ashenzari
Cheibriados
Dithmenos
Elyvilon
Fedhas
Gozag
Hepliaklqana
Kikubaaqudgha
Makhleb
Nemelex Xobeh
Okawaru
Qazlal
Ru
Sif Muna
Trog
Uskayaw
Vehumet
Wu Jian
Xom
Yredelemnul
Zin
The Shining One
Beogh

Shops:
D:1 (   D:9 *   D:12 [   Orc:1 *?   Orc:2 *((?   Elf:1 !!*?   Elf:2 =
Vaults:1 ?   Vaults:2 [   Vaults:5 *!=!   Depths:1 [   Depths:2 =[(

Portals:
Hell: Depths:1 Depths:2 Depths:3 Depths:4
Abyss: Depths:1 Depths:3
Pandemonium: Depths:2
Ziggurat: Depths:2

Annotations:
Lair:3 2 transporters, Gibbon's ghost, journeyman GnTm
Spider:2 3 runed translucent doors, Psyclone's ghost, adept OpIE
Elf:2 3 runed translucent doors
Vaults:4 3 runed translucent doors, Yfiec's ghost, adept SpVM


Innate Abilities, Weirdness & Mutations

You have very sharp teeth.
Your uncanny sense of smell can sniff out nearby items.
Your experience applies equally to all skills.
Armour fits poorly on your strangely shaped body.
Your body sometimes deteriorates upon taking damage.
You are frail. (-10% HP)
You are resistant to electric shocks. (rElec)
You sometimes lose the ability to read scrolls when taking damage.


Message History

The death scarab disappears!
The death scarab misses you.
The royal mummy casts a spell.
You block the death scarab's attack.
An ushabti comes into view.
You hear a loud "Zot"!
Okay, then.
Okay, then.
Okay, then.
Magic courses through your body.
The death scarab bites you but does no damage.
The death scarab closely misses you.
You hear a loud "Zot"!
The royal mummy mumbles some strange words.
The ushabti shakes and rattles.
The vile air hits the royal mummy but does no damage.
The vile air hits the death scarab.
The vile air hits you but does no damage.
Activating: Slouch (0% risk of failure)
Press: ? - help, Dir - look around, f - activate You can feel time thicken for a moment.
You destroy the death scarab!
The death scarab's corpse disappears in a puff of smoke!
You destroy the death scarab!
The death scarab's corpse disappears in a puff of smoke!
You destroy the death scarab!
The death scarab's corpse disappears in a puff of smoke!
Cheibriados lowers the support of your attributes as your movement quickens.
You are engulfed in dark miasma.
You feel as though you will be slow longer.
The death scarab bites you!!
* * * LOW HITPOINT WARNING * * *
Your body deteriorates!
You feel weakened. The death scarab barely misses you.
The guardian mummy hits you!
* * * LOW HITPOINT WARNING * * *
Your magical effects are unravelling.
You feel magically purged.
You are engulfed in dark miasma.
You are poisoned.
* * * LOW HITPOINT WARNING * * *
You feel yourself speed up.
You die...

.....# .....# .....#
##.∆ #....#######
.....# #..
#....M......... .....#
#..# #..............
.....# #.^.
#.............. .....#
#9B #..........^.^.
.....#
ss###'###.9............
.....#
.s.M§.@MMM.............
.....#
#############.......#
.....# ##'''''## .....#
#.......# .....#
#.....8.# .....#
#.......# !....#
#.......# .....#
#.8...8.# .....#
#.......#


You could see a royal mummy, 3 emperor scorpions, a mummy priest, a guardian
mummy, 2 ushabtiu, a death scarab (summoned) and a mummy.

Vanquished Creatures
  the Royal Jelly (Slime:5)
  A dread lich (Crypt:3)
  An ancient lich (Vaults:5)
  2 juggernauts
  Mara (Vaults:3)
  A royal mummy (Tomb:1)
  Vv (Zot:2)
  Xtahua (Depths:4)
  Saint Roka (Vaults:1)
  Bai Suzhen (Vaults:4)
  8 caustic shrikes
  A curse toe (Zot:1)
  Geryon (Hell)
  9 golden dragons
  The ghost of Laraso the Malleable, a veteran TeTm of Yredelemnul (Elf:2)
  Arachne (Spider:2)
  A bone dragon (Crypt:3)
  An electric golem (Zot:1)
  Rupert (D:13)
  13 tentacled monstrosities
  A walking crystal tome (Depths:2)
  Mlioglotl (Spider:4)
  A walking earthen tome (Depths:3)
  Zenata (Elf:1)
  6 titans
  8 liches
  An Ice Fiend (Coc:1)
  6 quicksilver dragons
  Murray (Depths:1)
  A walking frostbound tome (Depths:3)
  Polyphemus (Shoals:3)
  2 deep elf blademasters (Elf:3)
  15 acid blobs
  18 sphinxes
  2 deep elf master archers (Elf:3)
  6 death cobs
  Kirke (D:13)
  Frances (Shoals:1)
  A kraken (Shoals:2)
  12 shadow dragons
  14 tengu reavers
  Donald (Orc:2)
  A revenant (Crypt:1)
  12 storm dragons
  8 azure jellies
  A nargun (Coc:1)
  8 rockslimes
  3 orc warlords
  5 draconian knights
  4 draconian monks
  20 fire giants
  3 ghost moths (Spider:3)
  4 emperor scorpions
  13 vault wardens
  14 frost giants
  Aizul (Elf:1)
  5 iron dragons
  5 deep elf sorcerers
  3 draconian scorchers
  Louise (Spider:1)
  2 curse skulls (Crypt:1)
  A caustic shrike zombie (Crypt:1)
  A shard shrike simulacrum (Coc:1)
  2 reapers
  2 ghouls
  6 draconian shifters
  4 draconian annihilators
  2 draconian stormcallers
  7 war gargoyles
  19 very ugly things
  3 spriggan defenders
  8 broodmothers
  5 quicksilver oozes (Slime:5)
  17 ironbound preservers
  5 ironbound thunderhulks
  5 elemental wellsprings
  21 stone giants
  A minotaur (Gauntlet)
  4 black draconians (Zot:4)
  68 slime creatures
  5 green draconians
  4 purple draconians
  Nessos (D:15)
  Azrael (Orc:2)
  8 deep elf annihilators
  A lorocyproca (Hell)
  A wendigo (Coc:1)
  9 deep elf demonologists
  8 entropy weavers
  18 spark wasps
  12 vampire knights
  9 eidola
  3 blizzard demons
  9 dire elephants
  10 yellow draconians
  7 red draconians
  Snorg (D:10)
  A bunyip (shapeshifter) (Depths:2)
  8 white draconians
  3 crystal guardians (Crypt:3)
  17 ettins
  6 merfolk javelineers
  13 deep elf death magi
  10 merfolk impalers
  3 mummy priests
  Josephine (Orc:1)
  A fire dragon (shapeshifter) (Vaults:5)
  18 yaktaur captains
  3 deep elf high priests
  3 spriggan zombies (Crypt:3)
  10 fire dragons
  12 jiangshi
  5 spriggan air magi
  6 boulder beetles
  Erolcha (D:10)
  A peacekeeper (Elf:1)
  29 vault guards
  2 merfolk avatars (Shoals:4)
  A jorogumo (Spider:2)
  7 hydras
  3 rakshasas
  8 great orbs of eyes
  13 ice dragons
  An alligator snapping turtle (Shoals:4)
  3 catoblepae
  3 merfolk aquamancers (Shoals:4)
  7 centaur warriors
  6 two-headed ogres
  10 ironbound frosthearts
  4 ogre magi
  An ice dragon (shapeshifter) (Vaults:5)
  3 radroaches
  14 dancing weapons
  3 death knights (D:14)
  6 deep troll earth magi
  A satyr (Shoals:4)
  13 tengu warriors
  7 deep troll shamans
  3 orc high priests (Orc:2)
  4 death yaks (Shoals:3)
  13 vampire magi
  8 hell knights
  5 spriggan berserkers
  8 hell hogs
  2 shock serpents (shapeshifter)
  Sonja (D:10)
  15 iron trolls
  4 sun demons
  15 deep elf knights
  6 pharaoh ants
  9 sea snakes
  3 storm dragon zombies
  A quicksilver dragon simulacrum (Coc:1)
  5 soul eaters
  24 skeletal warriors
  A golden dragon zombie (Hell)
  8 steelbarb worms
  An entropy weaver zombie (Crypt:2)
  An orb spider (shapeshifter) (Vaults:5)
  6 glowing orange brains
  A flayed ghost (Crypt:2)
  65 deep trolls
  12 orb spiders
  A bog body (Crypt:2)
  12 orc knights
  14 lindwurms
  15 phantasmal warriors
  9 deep elf archers
  A spriggan simulacrum (Hell)
  10 ironbound convokers
  8 wizards
  A harpy (shapeshifter) (Depths:3)
  2 tengu zombies (Hell)
  A sphinx zombie (Depths:2)
  6 frost giant zombies (Hell)
  16 harpies
  24 wolf spiders
  A human zombie (Vaults:3)
  An iron dragon zombie (Crypt:3)
  A shadow dragon zombie (Tomb:1)
  2 stone giant zombies (Hell)
  17 deep elf zephyrmancers
  8 necromancers
  2 oklob plants
  A shadow dragon skeleton (Crypt:1)
  42 ugly things
  19 deep elf pyromancers
  A cyclops (shapeshifter) (Vaults:5)
  2 fire giant zombies (Hell)
  3 fauns
  5 shining eyes
  6 cyclopes
  18 manticores
  2 orc sorcerers (Orc:2)
  9 elephants
  A frost giant skeleton (Vaults:3)
  30 moths of wrath
  A naga zombie (Crypt:3)
  Joseph (D:8)
  16 vault sentinels
  A rust devil (Depths:2)
  4 black mambas
  7 merfolk sirens
  5 molten gargoyles
  An eye of devastation (Lair:6)
  10 water nymphs
  A gargoyle (D:12)
  5 smoke demons
  4 demonic crawlers
  4 torpor snails
  A minotaur zombie (Gauntlet)
  2 dire elephant skeletons
  A naga skeleton (Crypt:3)
  A hellion (Hell)
  11 komodo dragons
  2 unseen horrors
  Maggie (D:8)
  Psyche (D:8)
  11 cane toads
  5 efreet
  A tormentor (Depths:2)
  2 anaconda simulacra (Coc:1)
  A bunyip simulacrum (Coc:1)
  2 kobold demonologists
  4 ice devils
  58 yaktaurs
  5 guardian mummies (Tomb:1)
  A tengu conjurer (Depths:1)
  2 freezing wraiths
  A golden dragon simulacrum (Depths:2)
  25 merfolk
  7 trolls
  A red devil (Depths:2)
  A hydra zombie (Crypt:2)
  8 meliai
  9 polar bears
  A polar bear (shapeshifter) (D:14)
  8 wind drakes
  13 hornets
  An ettin zombie (Crypt:2)
  A raiju (Gauntlet)
  20 tarantellas
  2 saltlings (Elf:1)
  2 harpy skeletons (Crypt:3)
  10 snapping turtles
  22 dream sheep
  2 fire dragon zombies (Crypt:3)
  A stone giant simulacrum (Coc:1)
  18 blink frogs
  A dream sheep (shapeshifter) (Depths:3)
  A deep troll zombie (Vaults:3)
  43 flying skulls
  27 jumping spiders
  An ettin skeleton (Crypt:3)
  A shadow (D:10)
  6 air elementals (Shoals:4)
  A vampire (D:13)
  13 spriggans
  4 wyverns
  A fire dragon skeleton (Crypt:2)
  6 wraiths
  31 yaks
  22 culicivoras
  2 fire bats (Gauntlet)
  22 water elementals
  Grum (D:8)
  9 fire elementals
  6 ushabtiu (Tomb:1)
  8 golden eyes
  A golden eye (shapeshifter) (Elf:3)
  A hog (shapeshifter) (Gauntlet)
  3 steam dragons
  4 hogs (D:13)
  41 redbacks
  9 basilisks
  An alligator snapping turtle simulacrum (Coc:1)
  11 vampire mosquitoes
  4 acid dragons
  2 hydra simulacra (Coc:1)
  A harpy simulacrum (Coc:1)
  13 wargs
  Edmund (D:6)
  A demonspawn zombie (Tomb:1)
  18 water moccasins
  3 floating eyes
  An ogre zombie (Vaults:3)
  43 orc warriors
  A deep troll skeleton (Crypt:1)
  14 hell hounds
  An ice beast (D:5)
  An ettin simulacrum (Coc:1)
  7 black bears
  12 ogres
  52 wolves
  5 boggarts
  17 centaurs
  A dream sheep skeleton (Crypt:2)
  A hog zombie (Crypt:2)
  A phantom (D:5)
  The ghost of GigaChad the Chopper, an amateur GrGl of Trog (D:3)
  A draconian zombie (Crypt:2)
  7 kobold brigands
  14 bullfrogs
  A yaktaur zombie (Crypt:2)
  A rime drake skeleton (Crypt:1)
  4 necrophages
  2 scorpions
  4 earth elementals
  3 wights (D:8)
  9 killer bees
  4 spriggan skeletons
  A polar bear skeleton (Crypt:1)
  6 electric eels
  9 howler monkeys
  A lava snake (D:14)
  2 gnoll shamans
  A hound (D:5)
  20 orc priests
  Ijyb (D:3)
  Jessica (D:2)
  3 iguanas (D:5)
  43 orc wizards
  6 mummies (Tomb:1)
  15 gnolls
  10 adders
  A swamp drake zombie (Crypt:1)
  A steam dragon skeleton (Crypt:2)
  An ufetubus (D:5)
  A lava snake zombie (Crypt:1)
  An adder skeleton (Crypt:2)
  A dart slug (D:3)
  127 orcs
  3 endoplasms
  4 giant cockroaches
  16 goblins
  10 hobgoblins
  4 jackals (D:4)
  22 kobolds
  5 quokkas
  4 ball pythons
  9 bats
  5 frilled lizards
  An orc skeleton (Crypt:2)
  An orc zombie (Crypt:1)
  5 rats
  A river rat skeleton (Crypt:1)
  A butterfly (Lair:2)
  3 tentacles (Shoals:2)
2528 creatures vanquished.

Vanquished Creatures (collateral kills)
  A tentacled monstrosity (Depths:2)
  A titan (Vaults:5)
  2 shadow dragons (Vaults:5)
  A very ugly thing (Depths:1)
  A vampire knight (Depths:1)
  A fire dragon (Depths:1)
  A yaktaur captain (Vaults:1)
  A catoblepas (Shoals:3)
  An iron troll (Vaults:5)
  3 deep trolls (Vaults:5)
  A deep elf zephyrmancer (Elf:1)
  An unseen horror (shapeshifter) (Depths:2)
  A tengu conjurer (Depths:1)
  A yaktaur (Vaults:1)
  A water elemental (Shoals:3)
  A hydra simulacrum (Zot:4)
19 creatures vanquished.

Vanquished Creatures (others)
  A fire giant (Vaults:5)
  A draconian shifter (Zot:2)
  A deep elf high priest (Elf:1)
  A centaur warrior (D:13)
  A two-headed ogre (Zot:2)
  2 deep trolls
  A deep elf zephyrmancer (Elf:1)
  An orc sorcerer (Orc:2)
  A moth of wrath (Zot:2)
  A demonic crawler (Hell)
  A dire elephant simulacrum (Coc:1)
  2 orc warriors (Vaults:5)
  A necrophage (Crypt:3)
  An orc priest (Orc:2)
  2 bushes (Lair:5)
  44 fungi
  110 plants
  3 snaplasher vines (Shoals:3)
  6 tentacles (Shoals:2)
  5 toadstools (D:4)
186 creatures vanquished.

Grand Total: 2733 creatures vanquished

Notes
Turn   | Place    | Note
-------+----------+-------------------------------------------
     0 | D:1      | Zonian the Gnoll Ice Elementalist began the quest for the
                  | Orb.
     0 | D:1      | Reached XP level 1. HP: 13/13 MP: 6/6
   304 | D:1      | Found a faded altar of an unknown god.
   428 | D:1      | Reached XP level 2. HP: 19/19 MP: 5/7
   800 | D:1      | Found Mifegran's Weapon Shop.
   819 | D:1      | Bought 6 curare-tipped darts for 39 gold pieces
  1305 | D:2      | Reached XP level 3. HP: 24/25 MP: 5/9
  1306 | D:2      | Reached skill level 5 in Spellcasting
  1309 | D:2      | Noticed Jessica
  1323 | D:2      | Killed Jessica
  1324 | D:2      | Reached skill level 1 in Fighting
  1324 | D:2      | Reached skill level 1 in Short Blades
  1324 | D:2      | Reached skill level 1 in Long Blades
  1324 | D:2      | Reached skill level 1 in Axes
  1324 | D:2      | Reached skill level 1 in Maces & Flails
  1324 | D:2      | Reached skill level 1 in Polearms
  1324 | D:2      | Reached skill level 1 in Staves
  1324 | D:2      | Reached skill level 1 in Slings
  1324 | D:2      | Reached skill level 1 in Bows
  1324 | D:2      | Reached skill level 1 in Crossbows
  1324 | D:2      | Reached skill level 1 in Throwing
  1324 | D:2      | Reached skill level 1 in Armour
  1324 | D:2      | Reached skill level 1 in Shields
  1324 | D:2      | Reached skill level 1 in Unarmed Combat
  1324 | D:2      | Reached skill level 1 in Invocations
  1324 | D:2      | Reached skill level 1 in Evocations
  1332 | D:2      | Reached XP level 4. HP: 25/32 MP: 3/11
  1505 | D:2      | Learned a level 3 spell: Frozen Ramparts
  1509 | D:2      | Learned a level 3 spell: Ozocubu's Armour
  1730 | D:2      | Reached skill level 1 in Conjurations
  1730 | D:2      | Reached skill level 1 in Hexes
  1730 | D:2      | Reached skill level 1 in Summonings
  1730 | D:2      | Reached skill level 1 in Necromancy
  1730 | D:2      | Reached skill level 1 in Translocations
  1730 | D:2      | Reached skill level 1 in Transmutations
  1730 | D:2      | Reached skill level 1 in Fire Magic
  1730 | D:2      | Reached skill level 1 in Air Magic
  1730 | D:2      | Reached skill level 1 in Earth Magic
  1730 | D:2      | Reached skill level 1 in Poison Magic
  2022 | D:3      | Reached XP level 5. HP: 37/37 MP: 12/12
  2101 | D:3      | Noticed Ijyb
  2422 | D:3      | HP: 2/55 [orc/+1 hand axe of flaming (2)]
  2425 | D:3      | Killed Ijyb
  2768 | D:3      | Reached XP level 6. HP: 39/44 MP: 13/13
  2947 | D:3      | Found a runed translucent gate.
  2947 | D:3      | Found a runed translucent gate.
  2947 | D:3      | Found a runed translucent gate.
  2950 | D:3      | Noticed GigaChad's ghost (amateur GrGl)
  3055 | D:3      | Killed GigaChad's ghost
  3056 | D:3      | Reached skill level 5 in Dodging
  3495 | D:3      | Identified the +0 helmet of the Mackerel {rElec rPois}
  3788 | D:4      | Identified the ring "Nierph" {rPois rF+ rC- Will+ Str+2
                  | Int+2 Stlth+}
  3864 | D:4      | Reached XP level 7. HP: 50/50 MP: 15/15
  4145 | D:4      | Learned a level 4 spell: Hailstorm
  4512 | D:4      | Reached skill level 5 in Stealth
  4651 | D:4      | Reached XP level 8. HP: 31/57 MP: 11/16
  5265 | D:5      | Entered Level 5 of the Dungeon
  5272 | D:5      | Identified a scroll of acquirement
  5272 | D:5      | Acquired a +0 lajatang of venom
  6134 | D:5      | Found a staircase to the Ecumenical Temple.
  6154 | Temple   | Entered the Ecumenical Temple
  6215 | Temple   | Became a worshipper of Cheibriados the Contemplative
  6817 | D:6      | Reached * piety under Cheibriados
  7012 | D:6      | Noticed Edmund
  7412 | D:6      | Killed Edmund
  7413 | D:6      | Reached XP level 9. HP: 60/65 MP: 11/18
  7746 | D:6      | Identified the +0 robe of Action {Fly rPois Will- Str+3}
  7975 | D:7      | Found a shimmering blue altar of Sif Muna.
  8188 | D:7      | Identified the +5 scale mail of Hubris {rC+}
  8387 | D:8      | Noticed Psyche
  8392 | D:8      | Killed Psyche
  9044 | D:8      | Noticed Maggie
  9054 | D:8      | Killed Maggie
  9055 | D:8      | Reached skill level 5 in Invocations
  9059 | D:8      | Noticed Grum
  9070 | D:8      | Reached ** piety under Cheibriados
  9071 | D:8      | Killed Grum
  9422 | D:8      | Noticed Joseph
  9722 | D:8      | Killed Joseph
  9723 | D:8      | Reached XP level 10. HP: 46/73 MP: 3/20
  9725 | D:8      | Reached skill level 5 in Fighting
  9725 | D:8      | Reached skill level 5 in Short Blades
  9725 | D:8      | Reached skill level 5 in Long Blades
  9725 | D:8      | Reached skill level 5 in Axes
  9725 | D:8      | Reached skill level 5 in Maces & Flails
  9725 | D:8      | Reached skill level 5 in Polearms
  9725 | D:8      | Reached skill level 5 in Staves
  9725 | D:8      | Reached skill level 5 in Slings
  9725 | D:8      | Reached skill level 5 in Bows
  9725 | D:8      | Reached skill level 5 in Crossbows
  9725 | D:8      | Reached skill level 5 in Throwing
  9725 | D:8      | Reached skill level 5 in Armour
  9725 | D:8      | Reached skill level 5 in Shields
  9725 | D:8      | Reached skill level 5 in Unarmed Combat
  9725 | D:8      | Reached skill level 5 in Evocations
 10522 | D:8      | Noticed a skeletal warrior
 10524 | D:8      | Noticed a skeletal warrior
 10552 | D:8      | Killed a skeletal warrior
 10555 | D:8      | Killed a skeletal warrior
 10997 | D:8      | Noticed a skeletal warrior
 11204 | D:9      | Found a flagged portal.
 11218 | Bailey   | Entered a bailey
 11506 | Bailey   | Reached *** piety under Cheibriados
 13150 | D:9      | Reached XP level 11. HP: 57/81 MP: 14/22
 13173 | D:9      | Noticed a two-headed ogre
 13175 | D:9      | Reached **** piety under Cheibriados
 13183 | D:9      | Killed a two-headed ogre
 13184 | D:9      | Reached skill level 5 in Conjurations
 13184 | D:9      | Reached skill level 5 in Hexes
 13184 | D:9      | Reached skill level 5 in Summonings
 13184 | D:9      | Reached skill level 5 in Necromancy
 13184 | D:9      | Reached skill level 5 in Translocations
 13184 | D:9      | Reached skill level 5 in Transmutations
 13184 | D:9      | Reached skill level 5 in Fire Magic
 13184 | D:9      | Reached skill level 5 in Air Magic
 13184 | D:9      | Reached skill level 5 in Earth Magic
 13184 | D:9      | Reached skill level 5 in Poison Magic
 13493 | D:9      | Learned a level 4 spell: Airstrike
 13523 | D:9      | Found a staircase to the Lair.
 13547 | D:9      | Found Cag Hou's Gadget Gallery.
 13553 | D:9      | Bought a wand of acid (6) for 340 gold pieces
 13677 | D:9      | Reached ***** piety under Cheibriados
 13867 | D:10     | Entered Level 10 of the Dungeon
 13874 | D:10     | Noticed Erolcha
 13924 | D:10     | Noticed Snorg
 13940 | D:10     | Killed Snorg
 14026 | D:10     | Identified the +8 whip of Vanity {vorpal, *Corrode Will++}
 14065 | D:10     | Found the +7 staff of the Meek {protect, meekguard}
 14132 | D:10     | Noticed a two-headed ogre
 14159 | D:10     | Killed a two-headed ogre
 14483 | D:10     | Killed Erolcha
 14603 | D:10     | Noticed Sonja
 14608 | D:10     | Killed Sonja
 15009 | D:10     | Upgraded the game from 0.29-a0-284-gf9362112df to
                  | 0.29-a0-319-gad05b8d819
 15038 | Lair:1   | Entered Level 1 of the Lair of Beasts
 15038 | Lair:1   | Noticed an oklob plant
 15054 | Lair:1   | Reached XP level 12. HP: 87/89 MP: 20/24
 15059 | Lair:1   | Noticed a seven-headed hydra
 15070 | Lair:1   | Killed a seven-headed hydra
 15743 | Lair:1   | Learned a level 2 spell: Wereblood
 17886 | Lair:2   | Noticed a catoblepas
 17915 | Lair:2   | Killed a catoblepas
 18213 | Lair:3   | Found a transporter.
 18224 | Lair:3   | Reached XP level 13. HP: 98/98 MP: 26/26
 18300 | Lair:3   | Noticed Gibbon's ghost (journeyman GnTm)
 18333 | Lair:3   | Found a bloodstained altar of Trog.
 18358 | Lair:3   | Found a transporter.
 18626 | Lair:3   | Reached ****** piety under Cheibriados
 19197 | Lair:4   | You fall into a shaft and drop 2 floors!
 19197 | Lair:6   | Entered Level 6 of the Lair of Beasts
 19284 | Lair:5   | Reached skill level 10 in Ice Magic
 19570 | Lair:4   | Acquired the +0 hat of Medetap {SInv Stlth+}
 19843 | Lair:4   | Found a staircase to the Shoals.
 20129 | Lair:4   | Found a hole to the Spider Nest.
 20778 | Lair:5   | Reached skill level 10 in Spellcasting
 21882 | Lair:6   | Reached skill level 10 in Dodging
 21890 | Lair:6   | Reached XP level 14. HP: 82/106 MP: 21/28
 22372 | Lair:6   | Reached skill level 10 in Stealth
 22673 | Lair:6   | Reached skill level 10 in Invocations
 23593 | Lair:6   | Found a staircase to the Slime Pits.
 24795 | D:11     | Identified the +8 long sword "Grim" {holy, Int+2 Stlth+}
 24935 | D:11     | Identified the +8 quarterstaff of Dottik {flame, Fly rC-
                  | Dex+5 SInv}
 25299 | D:12     | Found a staircase to the Orcish Mines.
 25719 | D:12     | Identified the +2 robe of Yraulet {Int+3}
 26305 | D:12     | Found Gutziut's Antique Armour Emporium.
 26311 | D:12     | Bought a pair of jewelled gloves for 342 gold pieces
 26311 | D:12     | Identified the +0 pair of gloves of the Engineer {rPois
                  | rCorr} (You bought it in a shop on level 12 of the Dungeon)
 26311 | D:12     | Bought a glowing leather armour for 180 gold pieces
 26929 | D:13     | Noticed Rupert
 26976 | D:13     | Killed Rupert
 26977 | D:13     | Reached XP level 15. HP: 115/115 MP: 28/30
 27163 | D:13     | Noticed Kirke
 27177 | D:13     | Killed Kirke
 27418 | D:14     | Found a gate leading to a gauntlet.
 27471 | Gauntlet | Entered a Gauntlet
 27471 | Gauntlet | Found a transporter.
 27471 | Gauntlet | Found a transporter.
 27493 | Gauntlet | Found a transporter.
 27493 | Gauntlet | Found a transporter.
 27503 | Gauntlet | Found a transporter.
 27507 | Gauntlet | Found a transporter.
 27509 | Gauntlet | Found a large runed translucent door.
 27510 | Gauntlet | Found a large runed translucent door.
 27511 | Gauntlet | Found a large runed translucent door.
 27511 | Gauntlet | Found a large runed translucent door.
 27511 | Gauntlet | Found a runed translucent door.
 27511 | Gauntlet | Found a runed translucent door.
 27512 | Gauntlet | Found a large runed translucent door.
 27513 | Gauntlet | Found a large runed translucent door.
 27514 | Gauntlet | Found a large runed translucent door.
 27514 | Gauntlet | Found a large runed translucent door.
 27515 | Gauntlet | Found a runed translucent gate.
 27515 | Gauntlet | Found a runed translucent gate.
 27515 | Gauntlet | Found a runed translucent gate.
 27517 | Gauntlet | Found a transporter.
 27617 | Gauntlet | Found a large runed translucent door.
 27619 | Gauntlet | Found a large runed translucent door.
 27622 | Gauntlet | Found a large runed translucent door.
 27622 | Gauntlet | Found a large runed translucent door.
 27622 | Gauntlet | Found a large runed translucent door.
 27623 | Gauntlet | Found a large runed translucent door.
 27624 | Gauntlet | Found a large runed translucent door.
 27624 | Gauntlet | Found a large runed translucent door.
 27687 | Gauntlet | Identified the +1 hat "Ecaommyc" {rF- Int-2 Dex+6}
 27741 | Gauntlet | Found a transporter.
 27760 | Gauntlet | Identified the ring of Qazlal's Benevolence {rF+++ rC++
                  | Str+4 Dex-4 SInv}
 27791 | Gauntlet | Found the +8 Vampire's Tooth {vamp}
 27896 | Gauntlet | Reached skill level 10 in Fighting
 27896 | Gauntlet | Reached skill level 10 in Short Blades
 27896 | Gauntlet | Reached skill level 10 in Long Blades
 27896 | Gauntlet | Reached skill level 10 in Axes
 27896 | Gauntlet | Reached skill level 10 in Maces & Flails
 27896 | Gauntlet | Reached skill level 10 in Polearms
 27896 | Gauntlet | Reached skill level 10 in Staves
 27896 | Gauntlet | Reached skill level 10 in Slings
 27896 | Gauntlet | Reached skill level 10 in Bows
 27896 | Gauntlet | Reached skill level 10 in Crossbows
 27896 | Gauntlet | Reached skill level 10 in Throwing
 27896 | Gauntlet | Reached skill level 10 in Armour
 27896 | Gauntlet | Reached skill level 10 in Shields
 27896 | Gauntlet | Reached skill level 10 in Unarmed Combat
 27896 | Gauntlet | Reached skill level 10 in Evocations
 28001 | D:14     | Found a gate to the Vaults.
 28649 | D:14     | Learned a level 4 spell: Dispel Undead
 30547 | D:15     | Entered Level 15 of the Dungeon
 30569 | D:15     | Noticed Nessos
 30574 | D:15     | Killed Nessos
 31154 | D:15     | Reached XP level 16. HP: 123/123 MP: 31/31
 31260 | D:15     | Found a white marble altar of Elyvilon.
 31885 | D:15     | Found a staircase to the Depths.
 32165 | Orc:1    | Entered Level 1 of the Orcish Mines
 32337 | Orc:2    | Entered Level 2 of the Orcish Mines
 32708 | Orc:2    | Paralysed by an orc sorcerer for 2 turns
 32847 | Orc:2    | Found Buuloduho's Weapon Shoppe.
 32847 | Orc:2    | Found Yttov's General Store.
 32852 | Orc:2    | Found Zaim's Magic Scroll Shoppe.
 32852 | Orc:2    | Found Egalasme's Antique Weapon Shop.
 33133 | Orc:2    | Noticed Azrael
 33149 | Orc:2    | Killed Azrael
 33420 | Orc:2    | Noticed Donald
 33445 | Orc:2    | Killed Donald
 33646 | Orc:2    | Found a staircase to the Elven Halls.
 33784 | Orc:1    | Noticed Josephine
 33791 | Orc:1    | Killed Josephine
 33792 | Orc:1    | Found Buobybb's Magic Scroll Boutique.
 33976 | Orc:1    | Bought 2 scrolls of fog for 64 gold pieces
 34252 | Orc:1    | Found Baomp's Assorted Antiques.
 34255 | Orc:1    | Bought a scroll of enchant armour for 202 gold pieces
 34255 | Orc:1    | Bought a dyed leather armour for 135 gold pieces
 34469 | Spider:1 | Entered Level 1 of the Spider Nest
 35237 | Spider:1 | Learned a level 5 spell: Summon Forest
 35264 | Spider:1 | Noticed Louise
 35299 | Spider:1 | Killed Louise
 35798 | D:9      | Bought a tin of tremorstones (2/2) for 680 gold pieces
 35798 | D:9      | Upgraded the game from 0.29-a0-319-gad05b8d819 to
                  | 0.29-a0-320-g9f8742066b
 35915 | Spider:2 | Found a runed translucent gate.
 36379 | Spider:2 | Found a runed translucent gate.
 36408 | Spider:2 | Found a runed translucent gate.
 36409 | Spider:2 | Noticed Psyclone's ghost (adept OpIE)
 36551 | Spider:2 | Learned a level 4 spell: Flame Wave
 36843 | Spider:2 | Reached XP level 17. HP: 118/131 MP: 19/33
 39075 | Spider:2 | Noticed Arachne
 39101 | Spider:2 | Killed Arachne
 41442 | Spider:4 | Entered Level 4 of the Spider Nest
 41732 | Spider:3 | Learned a level 5 spell: Borgnjor's Vile Clutch
 41863 | Spider:4 | Reached skill level 10 in Conjurations
 41863 | Spider:4 | Reached skill level 10 in Hexes
 41863 | Spider:4 | Reached skill level 10 in Summonings
 41863 | Spider:4 | Reached skill level 10 in Necromancy
 41863 | Spider:4 | Reached skill level 10 in Translocations
 41863 | Spider:4 | Reached skill level 10 in Transmutations
 41863 | Spider:4 | Reached skill level 10 in Fire Magic
 41863 | Spider:4 | Reached skill level 10 in Air Magic
 41863 | Spider:4 | Reached skill level 10 in Earth Magic
 41863 | Spider:4 | Reached skill level 10 in Poison Magic
 41997 | Spider:4 | Noticed Mlioglotl
 42007 | Spider:4 | Killed Mlioglotl
 43193 | Spider:4 | Reached XP level 18. HP: 140/140 MP: 22/35
 43294 | Spider:4 | Got a gossamer rune of Zot
 44052 | Shoals:1 | Entered Level 1 of the Shoals
 44331 | D:1      | Bought a +4 hand crossbow of flaming for 311 gold pieces
 44643 | Shoals:1 | Noticed Frances
 44657 | Shoals:1 | Killed Frances
 45678 | Shoals:1 | Identified the ring of Cyaryapn {EV+4 Str+3 SInv}
 46669 | Shoals:2 | Found a flickering gateway to a bazaar.
 46681 | Bazaar   | Entered a bazaar
 46685 | Bazaar   | Found Erchemm's Jewellery Boutique.
 46705 | Bazaar   | Found Fehiymar's Distillery.
 46722 | Bazaar   | Found Befiy's Book Boutique.
 46744 | Bazaar   | Found Vetzib's Antique Weapon Shoppe.
 46803 | Bazaar   | Bought a potion of mutation for 96 gold pieces
 46803 | Bazaar   | Bought a potion of heal wounds for 60 gold pieces
 46803 | Bazaar   | Bought a potion of resistance for 120 gold pieces
 46803 | Bazaar   | Bought a potion of mutation for 96 gold pieces
 46858 | Bazaar   | Bought the ring "Mueditoc" {Ice Drain Int+5 Dex+3} for 561
                  | gold pieces
 47771 | Shoals:2 | Identified the +5 scale mail of the Bells {Int+4 Stlth+}
 48479 | Shoals:3 | Noticed Polyphemus
 48992 | Shoals:3 | Identified the +10 flail of Apladut {spect, Int+4}
 49061 | Shoals:3 | Killed Polyphemus
 49582 | Shoals:4 | Entered Level 4 of the Shoals
 49611 | Shoals:4 | Paralysed by an air elemental for 1 turns
 50053 | Shoals:4 | Acquired the +5 quick blade of Ataerar {holy, *Noise rPois
                  | SInv Stlth+}
 51510 | Shoals:4 | Identified the +3 plate armour of Sif Muna's Scorn {Int+3}
 51712 | Shoals:4 | Reached XP level 19. HP: 74/148 MP: 11/36
 52074 | Shoals:4 | Paralysed by an air elemental for 1 turns
 52086 | Shoals:4 | Paralysed by an air elemental for 1 turns
 52383 | Shoals:4 | Got a barnacled rune of Zot
 52930 | Elf:1    | Entered Level 1 of the Elven Halls
 52930 | Elf:1    | Noticed Zenata
 53420 | Elf:1    | Killed Zenata
 53824 | Elf:1    | Noticed Aizul
 53866 | Elf:1    | Killed Aizul
 54495 | Elf:1    | Found Rusmin's General Store.
 54529 | Elf:1    | Found Qautuw's Magic Scroll Boutique.
 54541 | Elf:1    | Bought 2 scrolls of blinking for 255 gold pieces
 54582 | Elf:1    | Found Jarherghiy's Distillery.
 54599 | Elf:1    | Found Rulaonad's Distillery.
 55403 | Elf:2    | Found Peumui's Jewellery Shoppe.
 56106 | Elf:2    | Found a runed translucent door.
 56106 | Elf:2    | Found a shimmering altar of Xom.
 56106 | Elf:2    | Noticed Laraso's ghost (veteran TeTm)
 56118 | Elf:2    | Learned a level 6 spell: Iron Shot
 56130 | Elf:2    | Killed Laraso's ghost
 56146 | Elf:2    | Got Lear's Compendium of the Escort
 56457 | Elf:2    | Noticed a Hell Sentinel
 56459 | Elf:2    | Reached XP level 20. HP: 137/157 MP: 10/38
 56839 | Elf:2    | Found a runed translucent gate.
 56839 | Elf:2    | Found a runed translucent gate.
 56839 | Elf:2    | Found a runed translucent gate.
 56916 | Elf:3    | Entered Level 3 of the Elven Halls
 57974 | Elf:3    | Identified the +1 great sword of Zaicier {venom, +Blink}
 59155 | Elf:3    | Identified the +0 robe of Integrity {Contam Rampage Regen+
                  | Dex+3}
 59155 | Elf:3    | Identified the +4 rapier of Nuckauloe {pain, *Noise rN+
                  | Will+}
 59156 | Elf:3    | Noticed a Tzitzimitl
 59163 | Elf:3    | Found the +0 staff of Battle
 59165 | Elf:3    | Got the Guide on Destructive Execration
 59335 | Elf:3    | Identified the +6 plate armour of Snakes and Ladders
                  | {Contam rElec rPois}
 60004 | Elf:3    | Learned a level 2 spell: Blink
 60050 | Elf:3    | Identified the +0 chain mail of a ziggurat {rF+ Dex+5}
 60737 | Vaults:1 | Entered Level 1 of the Vaults
 60775 | Vaults:1 | Reached skill level 15 in Invocations
 62137 | Vaults:1 | Noticed Saint Roka
 62161 | Vaults:1 | Killed Saint Roka
 62710 | Vaults:1 | Found Jack's Magic Scroll Shoppe.
 62823 | Vaults:1 | Reached XP level 21. HP: 165/165 MP: 34/39
 63341 | Vaults:2 | Reached skill level 15 in Spellcasting
 64002 | Vaults:2 | Found a staircase to the Crypt.
 64113 | Vaults:2 | Reached skill level 15 in Dodging
 64192 | Vaults:2 | Found Xyla's Armour Shop.
 64195 | Vaults:2 | Bought a +0 kite shield of reflection for 119 gold pieces
 64628 | Vaults:2 | Reached skill level 15 in Axes
 64939 | Vaults:2 | Reached skill level 15 in Short Blades
 65275 | Vaults:3 | Reached skill level 15 in Stealth
 65416 | Vaults:3 | Found a flickering gateway to a bazaar.
 65425 | Bazaar   | Entered a bazaar
 65922 | Bazaar   | Found Pigan's Magic Scroll Shoppe.
 65931 | Bazaar   | Found Zeowk's Book Shoppe.
 65945 | Bazaar   | Found Huynamoa's Assorted Antiques.
 65957 | Bazaar   | Found Bopibe's Magic Scroll Emporium.
 65990 | Bazaar   | Bought a book of Minor Magic for 252 gold pieces
 65994 | Bazaar   | Learned a level 3 spell: Mephitic Cloud
 66019 | Bazaar   | Bought a scroll of holy word for 142 gold pieces
 66019 | Bazaar   | Bought 3 scrolls of fog for 114 gold pieces
 66349 | Vaults:3 | Noticed Mara
 66353 | Vaults:3 | Noticed Zonian's illusion
 66405 | Vaults:3 | Killed Mara
 67072 | Vaults:3 | Found the +3 hat of Pondering {ponderous, Will+ MP+10
                  | Int+5}
 67439 | Vaults:3 | Acquired the +7 broad axe of Pifuxiod {drain, Str+4}
 68959 | Vaults:4 | Reached XP level 22. HP: 164/174 MP: 26/41
 69232 | Vaults:4 | Found a runed translucent gate.
 69233 | Vaults:4 | Found a runed translucent gate.
 69233 | Vaults:4 | Found a runed translucent gate.
 69235 | Vaults:4 | Noticed Yfiec's ghost (adept SpVM)
 70439 | Vaults:4 | Reached skill level 15 in Fighting
 70439 | Vaults:4 | Reached skill level 15 in Long Blades
 70439 | Vaults:4 | Reached skill level 15 in Maces & Flails
 70439 | Vaults:4 | Reached skill level 15 in Polearms
 70439 | Vaults:4 | Reached skill level 15 in Staves
 70439 | Vaults:4 | Reached skill level 15 in Slings
 70439 | Vaults:4 | Reached skill level 15 in Bows
 70439 | Vaults:4 | Reached skill level 15 in Crossbows
 70439 | Vaults:4 | Reached skill level 15 in Throwing
 70439 | Vaults:4 | Reached skill level 15 in Armour
 70439 | Vaults:4 | Reached skill level 15 in Shields
 70439 | Vaults:4 | Reached skill level 15 in Unarmed Combat
 70439 | Vaults:4 | Reached skill level 15 in Evocations
 70601 | Vaults:4 | Noticed Bai Suzhen
 70799 | Vaults:4 | Killed Bai Suzhen
 72274 | Shoals:2 | Learned a level 6 spell: Death Channel
 72801 | Vaults:5 | Entered Level 5 of the Vaults
 72835 | Vaults:4 | Upgraded the game from 0.29-a0-320-g9f8742066b to
                  | 0.29-a0-321-gf1c400731a
 74236 | Vaults:5 | Noticed an ancient lich
 74247 | Vaults:5 | Killed an ancient lich
 74388 | Vaults:5 | Noticed a golden dragon
 74788 | Vaults:5 | Reached XP level 23. HP: 141/182 MP: 2/43
 75067 | Vaults:5 | Found Canouf's Jewellery Shoppe.
 75070 | Vaults:5 | Got a silver rune of Zot
 75083 | Vaults:5 | Found Fure's General Store.
 75566 | Vaults:5 | Bought the ring "Wennaved" {Str+4 Dex+6} for 1108 gold
                  | pieces
 75826 | Vaults:5 | Found Kelim's Distillery.
 75915 | Vaults:5 | Found Zentalurch's Distillery.
 77079 | Vaults:5 | Identified the ring "Abeupie" {Wiz rF++ Int+3 Dex-4 SInv}
 78394 | Vaults:5 | Killed a golden dragon
 78463 | Vaults:5 | Reached skill level 15 in Ice Magic
 78498 | Vaults:5 | Reached XP level 24. HP: 177/177 MP: 43/43
 79290 | Vaults:5 | Acquired the +16 plate armour of Love and Death {rC++
                  | Will+++ Dex-3 Stlth+}
 79384 | Crypt:1  | Entered Level 1 of the Crypt
 82403 | Crypt:2  | Found a basalt altar of Yredelemnul.
 82632 | Crypt:3  | Entered Level 3 of the Crypt
 83907 | Crypt:3  | Reached XP level 25. HP: 175/197 MP: 39/43
 84716 | Crypt:3  | Found an ancient bone altar of Kikubaaqudgha.
 84716 | Crypt:3  | Noticed a dread lich
 84722 | Crypt:3  | Killed a dread lich
 85322 | Crypt:3  | Identified the amulet of Serendipity {Reflect rPois Regen+
                  | rCorr Str-4 SH+5}
 85365 | Crypt:3  | Found a staircase to the Tomb.
 85729 | Crypt:3  | Got Roup's Catalogue of Entrancing Creation
 85953 | Depths:1 | Entered Level 1 of the Depths
 86055 | Depths:1 | Found a gateway to Hell.
 86494 | Depths:1 | Found a one-way gate to the infinite horrors of the Abyss.
 86791 | Depths:1 | Found a glowing silver altar of Zin.
 86911 | Depths:1 | Found Uffa's Antique Armour Shoppe.
 87523 | Depths:2 | Noticed a juggernaut
 87587 | Depths:1 | Killed a juggernaut
 87997 | Depths:2 | Found a runed translucent door.
 88009 | Depths:2 | Found a runed translucent door.
 88512 | Depths:2 | Found a radiant altar of Vehumet.
 88558 | Depths:2 | Found Ohyk's Jewellery Emporium.
 88558 | Depths:2 | Found Pat Ikopp's Armour Shoppe.
 88561 | Depths:2 | Found Jaox's Weapon Emporium.
 88678 | Depths:2 | Found a portal to a secret trove of treasure.
 88783 | Depths:2 | Found a one-way gateway to a ziggurat.
 89304 | Depths:2 | Reached XP level 26. HP: 207/207 MP: 44/44
 89370 | Depths:2 | Found a one-way gate leading to the halls of Pandemonium.
 89882 | Depths:3 | Upgraded the game from 0.29-a0-321-gf1c400731a to
                  | 0.29-a0-322-g68df515428
 90156 | Depths:3 | Paralysed by a floating eye for 3 turns
 90320 | Depths:3 | Noticed a juggernaut
 90334 | Depths:3 | Killed a juggernaut
 90502 | Depths:3 | Paralysed by a floating eye for 4 turns
 90660 | Depths:2 | Learned a level 6 spell: Dispersal
 91694 | Depths:3 | Got the Catalogue of Flying Execration
 92402 | Depths:4 | Entered Level 4 of the Depths
 92994 | Depths:4 | Found a gate to the Realm of Zot.
 93663 | Depths:4 | Noticed Xtahua
 93681 | Depths:4 | Killed Xtahua
 94058 | Depths:4 | Reached XP level 27. HP: 212/215 MP: 32/45
 94731 | Slime:1  | Entered Level 1 of the Pits of Slime
 94745 | Slime:2  | Reached skill level 15 in Conjurations
 94745 | Slime:2  | Reached skill level 15 in Hexes
 94745 | Slime:2  | Reached skill level 15 in Summonings
 94745 | Slime:2  | Reached skill level 15 in Necromancy
 94745 | Slime:2  | Reached skill level 15 in Translocations
 94745 | Slime:2  | Reached skill level 15 in Transmutations
 94745 | Slime:2  | Reached skill level 15 in Fire Magic
 94745 | Slime:2  | Reached skill level 15 in Air Magic
 94745 | Slime:2  | Reached skill level 15 in Earth Magic
 94745 | Slime:2  | Reached skill level 15 in Poison Magic
 95072 | Slime:3  | Gained mutation: Potions are less effective at restoring
                  | your health. [a shining eye]
 95081 | Slime:3  | Gained mutation: Your magical capacity is low. (-10% MP) [a
                  | shining eye]
 95086 | Slime:3  | Gained mutation: Your body sometimes deteriorates upon
                  | taking damage. [a shining eye]
 95088 | Slime:3  | Gained mutation: You sometimes lose the ability to read
                  | scrolls when taking damage. [a shining eye]
 95089 | Slime:3  | Gained mutation: You are frail. (-10% HP) [a shining eye]
 95629 | Slime:5  | Entered Level 5 of the Pits of Slime
 95870 | Slime:5  | Noticed the Royal Jelly
 95876 | Slime:5  | Killed the Royal Jelly
 96192 | Slime:5  | Identified the ring of Soqosiupp {Ice Contam Will+ rCorr
                  | Str+4}
 96195 | Slime:5  | Got a slimy rune of Zot
 96196 | Slime:5  | Identified the amulet of Egalitarianism {Acrobat rF+ MP+9}
 96212 | Slime:5  | Found the +8 longbow "Zephyr" {speed, Dex+3 SInv}
 96219 | Slime:5  | Got the Disquisition on Lethal Contamination
 96229 | Slime:5  | Identified the +2 shortbow "Worm" {vorpal, rCorr}
 96949 | Hell     | Entered the Vestibule of Hell
 96949 | Hell     | Noticed Geryon
 98421 | Hell     | Noticed Murray
 98820 | Depths:1 | Killed Murray
100782 | Hell     | Killed Geryon
100989 | Depths:2 | You paid a toll of the horn of Geryon to enter a treasure
                  | trove
100990 | Trove    | Entered a treasure trove
101016 | Trove    | Identified the ring of Egeschaso {rN++ Will+ Int+4}
101045 | Trove    | Got Sif Muna's Grimoire of Mutagenic Earth
101207 | Zot:1    | Entered Level 1 of the Realm of Zot
105769 | Zot:2    | Noticed Vv
106067 | Zot:2    | Killed Vv
107171 | Zot:3    | Lost mutation: Your magical capacity is low. (-10% MP)
                  | [potion of mutation]
107171 | Zot:3    | Lost mutation: You sometimes lose the ability to read
                  | scrolls when taking damage. [potion of mutation]
107171 | Zot:3    | Lost mutation: Potions are less effective at restoring your
                  | health. [potion of mutation]
107171 | Zot:3    | Gained mutation: You are resistant to electric shocks.
                  | (rElec) [potion of mutation]
107308 | Zot:3    | Identified the +3 chain mail "Xevuil" {rElec rN+ Str+6}
109077 | Zot:4    | Noticed an orb of fire
109084 | Zot:4    | Gained mutation: Armour fits poorly on your strangely
                  | shaped body. [an orb of fire]
109085 | Zot:4    | Gained mutation: You sometimes lose the ability to read
                  | scrolls when taking damage. [an orb of fire]
109637 | Hell     | Found a gateway to the decaying netherworld of Tartarus.
109695 | Hell     | Found a gateway to the freezing wastes of Cocytus.
109766 | Hell     | Found a gateway to the Iron City of Dis.
109786 | Hell     | Found a gateway to the ashen valley of Gehenna.
109906 | Dis:1    | Entered Level 1 of the Iron City of Dis
110420 | Coc:1    | Entered Level 1 of Cocytus
111130 | Tomb:1   | Entered Level 1 of the Tomb of the Ancients
111268 | Tomb:1   | HP: 2/143 [sphinx/divine providence (12)]
112013 | Tomb:1   | Noticed a royal mummy
112027 | Tomb:1   | Killed a royal mummy
112029 | Tomb:1   | Noticed a royal mummy
112033 | Tomb:1   | Identified the amulet "Ackiycom" {Reflect Dex+4 SH+5}
112036 | Tomb:1   | Noticed a royal mummy
112040 | Tomb:1   | HP: 3/167 [ushabti] (15)]
112040 | Tomb:1   | Succumbed to an ushabti's dark miasma

Illustrated notes

Levels and vault maps discovered:
D:1:      wander_arrival_desolate, layout_basic,
          shapermc_ecumenical_altar_rom_forum, serial_shops,
          nicolae_shop_bloodbath_and_beyond, chequers_serial_rivers_micro_d,
          hangedman_decor_growths
D:2:      kennysheep_the_goblin_king, layout_rooms, grunt_ministairs_9,
          uniq_jessica
D:3:      layout_basic, biasface_ghost_orc_armoury, uniq_ijyb
D:4:      cheibrodos_old_hovel, layout_loops_corners, minmay_gold_behind_fungi,
          minmay_misc_feat_rows
D:5:      layout_basic, temple_pool_b, minmay_misc_feat_iff,
          grunt_decor_resistance
D:6:      layout_loops_cross, grunt_ministairs_9, nrook_loot_triangle,
          uniq_edmund
D:7:      layout_cave_pools, kennysheep_orc_sif_temple
D:8:      layout_cave_pods, uniq_grum, uniq_joseph, uniq_psyche, uniq_maggie
D:9:      layout_rooms, lair_entry_dummy, enter_bailey_3, st_stairs_5,
          nicolae_shop_gadgets
D:10:     layout_loops_ring, minmay_joined_circles, uniq_sonja, uniq_erolcha,
          uniq_snorg
D:11:     layout_big_octagon, minmay_lindwurm_lava
D:12:     layout_basic, david_orc_2, serial_shops, nicolae_diamond_shop,
          nooodl_orcs_dogs
D:13:     layout_rooms, uniq_kirke, uniq_rupert
D:14:     cheibrodos_fzero, layout_loops_ring, erik_vaults_1,
          kennysheep_cross_room, gauntlet_entry_generic
D:15:     grunt_enter_depths_snipers, layout_loops_corners, serial_glass,
          glass_columns_a, glass_columns_b, elyvilon_altar_3,
          corexii_corridor_pit, uniq_nessos
Temple:   compressed_dpeg_circular_temple
Lair:1:   layout_regular_city, st_stairs_9, dpeg_stationary_puzzle
Lair:2:   layout_cave_shapes, infiniplex_staircase_pool_2, lemuel_fruit_fields
Lair:3:   layout_roguey, gammafunk_ghost_wrathful_warriors,
          chequers_serial_rivers_marsh, serial_bayou_shore_a
Lair:4:   layout_long_grid, minmay_shoals_entry_centaurs,
          spider_nest_entry_funnel_web
Lair:5:   layout_misc_corridors, grunt_forest_stairs_basic, wad_woods_06,
          grunt_megastairs_5
Lair:6:   minmay_lair_end_enchanted_forest, layout_cave_pods,
          minmay_slime_entry_eyes, dreamdust_wasp_nest
Shoals:1: layout_shoals, uniq_frances
Shoals:2: layout_shoals, serial_shops, bzr_entry_safe,
          nicolae_shoals_spring_well_temple
Shoals:3: layout_shoals, uniq_polyphemus
Shoals:4: shoals_end_hellmonk_storm_palace [storm_palace_center_ruins,
          storm_palace_corner_pillars, storm_palace_corner_narrow,
          storm_palace_corner_blocked, storm_palace_corner_pillars]
Spider:1: cheibrodos_forgotten_conduit, uniq_louise
Spider:2: layout_cave_pods, gammafunk_ghost_split, nicolae_spider_bzzzt,
          uniq_arachne
Spider:3: layout_cave_pods, hive_lemuel
Spider:4: hellmonk_spider_rune_endless_swarm, uniq_mlioglotl
Slime:1:  layout_caves
Slime:2:  layout_caves
Slime:3:  layout_caves
Slime:4:  layout_caves
Slime:5
Orc:1:    cheibrodos_orc_guarddog, layout_caves, serial_shops,
          nicolae_shop_statue_plus, nicolae_shop_behind_doors, uniq_josephine
Orc:2:    grunt_orc_tribal_feast, layout_caves, uniq_azrael, uniq_donald
Elf:1:    layout_gridlike, serial_shops, shop, nicolae_square_shop, shop,
          nicolae_take_the_stairs, portal_desolation_entry_salt,
          kennysheep_underground_church, uniq_aizul, uniq_zenata
Elf:2:    nicolae_elf_blades_splatter_lattice [infiniplex_blade_entry_pillars],
          layout_loops_ring, ebering_ghost_xom, serial_shops, shop_statue,
          special_room [special_room_mythical_zoo], nicolae_fountain_basement,
          uniq_jorgrun
Elf:3:    grunt_elf_hall_branching, layout_geoelf_diagonals
Vaults:1: ontoclasm_vaults_hangar, hangedman_vaults_nails,
          hangedman_vaults_snaps, v_misc_19, v_alt_pattern_2,
          nicolae_vaults_quartermaster, v_misc_18, vaults_room_stairs_pillars,
          ontoclasm_vaults_decontamination, vaults_mumra_hex,
          nicolae_vaults_border_crossing, layout_vaults_omnibox, serial_shops,
          shop, uniq_saint_roka
Vaults:2: v_rooms_1, minmay_crypt_entry_simple_box,
          nicolae_vaults_little_squares_5, vaults_room_large_hall,
          nicolae_vaults_little_squares_2, hangedman_vaults_maws, v_misc_29,
          grunt_vaults_funnel, ontoclasm_vaults_loading_screen,
          ontoclasm_vaults_misaligned, layout_vaults_big_room, serial_shops,
          nicolae_shop_behind_doors, uniq_margery
Vaults:3: v_misc_4, hangedman_vaults_capsules, v_rooms_3,
          ontoclasm_vaults_claustrophobia, vaults_dpeg_ring,
          nicolae_vaults_yaktaur_gun_rack, grunt_vaults_focal, v_misc_19,
          ontoclasm_vaults_loading_screen, nicolae_vaults_network_s,
          st_more_cells, nicolae_vaults_windows_and_doors_thing,
          nicolae_vaults_circle_grid_a, hangedman_vaults_impose,
          nicolae_vaults_diagonal_hallway_9, layout_vaults_ring, serial_shops,
          freezing_bzr, uniq_mara
Vaults:4: ebering_ghost_rock_garden, ontoclasm_vaults_hangar,
          hangedman_vaults_river_flow, hangedman_vaults_variations,
          nicolae_vaults_circle_grid_a, ontoclasm_vaults_misaligned,
          nicolae_vaults_specimen_jars, nicolae_vaults_little_squares_3,
          v_misc_16, vaults_mumra_chevron, layout_vaults_omnigrid,
          uniq_bai_suzhen
Vaults:5: serial_shops
Crypt:1:  layout_catacombs
Crypt:2:  layout_rooms, basic_altar
Crypt:3:  cryptofortress_bobbens
Tomb:1
Depths:1: layout_roguey, serial_sigils_hangedman_scratch, serial_shops, shop,
          abyss_entry, hell_entry, kennysheep_cluttered_room, hex_medium,
          minmay_misc_feat_cross, zin_academy, serial_bayou_shore_b
Depths:2: minmay_expanding_circles, layout_gridville, enter_ziggurat_a,
          rand_demon_pan_entry_3, enter_trove_3, vehumet_crystals,
          hangedman_coc_ice_floe, minmay_mirror_moons_of_madness,
          infiniplex_staircase_pillars_3a, serial_bayou_shore_b,
          minmay_shop_star
Depths:3: minmay_the_grid_square_5x5_5x5_mashed
          [minmay_the_grid_square_5x5_spiral_small,
          minmay_the_grid_square_5x5_misaligned,
          minmay_the_grid_square_5x5_six_small,
          minmay_the_grid_square_5x5_inner_z, minmay_the_grid_square_5x5_fat_x,
          minmay_the_grid_square_5x5_bridge,
          minmay_the_grid_square_5x5_prize_monsterx,
          minmay_the_grid_square_5x5_seven,
          minmay_the_grid_square_5x5_prize_itemx, minmay_the_grid_square_5x5_c,
          minmay_the_grid_square_5x5_shrine1,
          minmay_the_grid_square_5x5_two_small,
          minmay_the_grid_square_5x5_prize_pseudospiral,
          minmay_the_grid_square_5x5_two_walls_a,
          minmay_the_grid_square_5x5_dogpile,
          minmay_the_grid_square_5x5_intrusive_squares,
          minmay_the_grid_square_5x5_prize_gold,
          minmay_the_grid_square_5x5_eight,
          minmay_the_grid_square_5x5_prize_deathbox,
          minmay_the_grid_square_5x5_comb, minmay_the_grid_square_5x5_detours,
          minmay_the_grid_square_5x5_three, minmay_the_grid_square_5x5_inset,
          minmay_the_grid_square_5x5_minimal,
          minmay_the_grid_square_5x5_moneybag], layout_long_grid,
          marbit_kobold_abyss_entry, hell_entry
Depths:4: grunt_zot_entry_tricorne, layout_basic, grunt_hell_entry_dis_grunt,
          serial_sigils_hangedman_snap, uniq_xtahua
Hell
Dis:1:    layout_gridville, nicolae_dis_having_a_grate_time
Coc:1:    layout_cocytus_water_paths
Zot:1:    kennysheep_six_static_rooms, layout_cathedral_of_symmetry,
          st_single_dragon_hoard_1
Zot:2:    lemuel_halls_of_wrath, layout_gridlike, grunt_ministairs_12,
          hangedman_zot_decor_tridents, st_large_dragon_hoard_3, uniq_vv
Zot:3:    layout_concentric_octagons, grunt_ministairs_10
Zot:4:    layout_twisted_circle, hangedman_elemental_grid_stream

Skill      XL: |  1  2  3  4  5  6  7  8  9 10 11 12 13 14 15 16 17 18 19 20 21 22 23 24 25 26 27 |
---------------+----------------------------------------------------------------------------------+-----
Spellcasting   | 5 6 7 8 9 10 11 12 13 14 15 16 17 18 20 | 20.3
Fighting       | 1 2 3 4 5 6 7 8 9 10 11 12 13 14 15 16 17 18 | 18.8
Short Blades   | 1 2 3 4 5 6 7 8 9 10 11 12 13 14 15 16 17 18 19 20 22 | 22.5
Long Blades    | 1 2 3 4 5 6 7 8 9 10 11 12 13 14 15 16 17 18 | 18.8
Axes           | 1 2 3 4 5 6 7 8 9 10 11 12 13 14 15 16 17 18 19 20 22 | 22.5
Maces & Flails | 1 2 3 4 5 6 7 8 9 10 11 12 13 14 15 16 17 18 | 18.8
Polearms       | 1 2 3 4 5 6 7 8 9 10 11 12 13 14 15 16 17 18 | 18.8
Staves         | 1 2 3 4 5 6 7 8 9 10 11 12 13 14 15 16 17 18 | 18.8
Slings         | 1 2 3 4 5 6 7 8 9 10 11 12 13 14 15 16 17 18 | 18.8
Bows           | 1 2 3 4 5 6 7 8 9 10 11 12 13 14 15 16 17 18 | 18.8
Crossbows      | 1 2 3 4 5 6 7 8 9 10 11 12 13 14 15 16 17 18 | 18.8
Throwing       | 1 2 3 4 5 6 7 8 9 10 11 12 13 14 15 16 17 18 | 18.8
Armour         | 1 2 3 4 5 6 7 8 9 10 11 12 13 14 15 16 17 18 | 18.8
Shields        | 1 2 3 4 5 6 7 8 9 10 11 12 13 14 15 16 17 18 | 18.8
Unarmed Combat | 1 2 3 4 5 6 7 8 9 10 11 12 13 14 15 16 17 18 | 18.8
Invocations    | 1 2 3 4 5 6 7 8 9 10 11 12 13 14 15 16 17 18 19 20 | 20.4
Evocations     | 1 2 3 4 5 6 7 8 9 10 11 12 13 14 15 16 17 18 | 18.8
Conjurations   | 1 2 3 4 5 6 7 8 9 10 11 12 13 14 16 | 16.1
Hexes          | 1 2 3 4 5 6 7 8 9 10 11 12 13 14 16 | 16.1
Summonings     | 1 2 3 4 5 6 7 8 9 10 11 12 13 14 16 | 16.1
Necromancy     | 1 2 3 4 5 6 7 8 9 10 11 12 13 14 16 | 16.1
Translocations | 1 2 3 4 5 6 7 8 9 10 11 12 13 14 16 | 16.1
Transmutations | 1 2 3 4 5 6 7 8 9 10 11 12 13 14 16 | 16.1
Fire Magic     | 1 2 3 4 5 6 7 8 9 10 11 12 13 14 16 | 16.1
Air Magic      | 1 2 3 4 5 6 7 8 9 10 11 12 13 14 16 | 16.1
Earth Magic    | 1 2 3 4 5 6 7 8 9 10 11 12 13 14 16 | 16.1
Poison Magic   | 1 2 3 4 5 6 7 8 9 10 11 12 13 14 16 | 16.1
Dodging        | 5 6 7 8 9 10 11 12 13 14 15 16 17 18 19 | 19.3
Stealth        | 5 6 7 8 9 10 11 12 13 14 15 16 17 18 19 | 19.2
Ice Magic      | 8 9 10 11 12 13 14 15 16 17 | 17.4

Action                   |  1- 3 |  4- 6 |  7- 9 | 10-12 | 13-15 | 16-18 | 19-21 | 22-24 | 25-27 || total
-------------------------+-------+-------+-------+-------+-------+-------+-------+-------+-------++-------
Melee: Unarmed           |     3 |       |       |       |       |       |       |       |       ||     3
       Whip              |     8 |       |       |   262 |    38 |       |       |       |       ||   308
       Bite              |     1 |     2 |    25 |    59 |   289 |   300 |   526 |   488 |   713 ||  2403
       Dagger            |       |    71 |   216 |   152 |   952 |       |       |       |       ||  1391
       Punch             |       |       |     1 |       |       |       |       |       |       ||     1
       Quick blade       |       |       |       |       |   428 |  1352 |  1884 |  1367 |   656 ||  5687
       Demon blade       |       |       |       |       |    13 |    95 |   106 |   382 |   518 ||  1114
       Staff             |       |       |       |       |       |   170 |    77 |       |   345 ||   592
       Broad axe         |       |       |       |       |       |       |    12 |    21 |  1351 ||  1384
 Fire: Hunting sling     |       |       |       |       |    36 |       |       |       |       ||    36
       Hand crossbow     |       |       |       |       |       |    64 |    32 |    45 |     9 ||   150
Throw: Dart              |     4 |     1 |     3 |     6 |     3 |       |     1 |     1 |       ||    19
       Javelin           |       |       |       |       |       |     1 |       |       |     6 ||     7
       Throwing net      |       |       |       |       |       |       |     2 |     2 |       ||     4
 Cast: Freeze            |    37 |    28 |     9 |       |       |       |       |       |       ||    74
       Frozen Ramparts   |       |     2 |    12 |    25 |    25 |    27 |    25 |     8 |    21 ||   145
       Ozocubu's Armour  |       |       |     4 |     6 |     2 |     1 |     1 |       |     4 ||    18
       Hailstorm         |       |       |     1 |    26 |    31 |    59 |    23 |     8 |    12 ||   160
       Airstrike         |       |       |       |     5 |    27 |   123 |    71 |    31 |    87 ||   344
       Wereblood         |       |       |       |       |    15 |     7 |     3 |     7 |     9 ||    41
       Dispel Undead     |       |       |       |       |     3 |     1 |     6 |    29 |    17 ||    56
       Flame Wave        |       |       |       |       |       |    20 |    14 |     7 |    18 ||    59
       Summon Forest     |       |       |       |       |       |     1 |     2 |       |     3 ||     6
       Borgnjor's Vile C |       |       |       |       |       |       |    12 |    14 |     7 ||    33
       Iron Shot         |       |       |       |       |       |       |     6 |    13 |    84 ||   103
       Blink             |       |       |       |       |       |       |     1 |     3 |     3 ||     7
       Mephitic Cloud    |       |       |       |       |       |       |       |     8 |     4 ||    12
       Death Channel     |       |       |       |       |       |       |       |       |     6 ||     6
       Dispersal         |       |       |       |       |       |       |       |       |     7 ||     7
Invok: Slouch            |       |       |       |       |     5 |     8 |    15 |    12 |    19 ||    59
       Bend Time         |       |       |       |       |     3 |     1 |     1 |       |       ||     5
       Step From Time    |       |       |       |       |       |       |       |     1 |     7 ||     8
 Abil: Evoke the Staff o |       |       |       |       |       |    37 |     6 |       |    30 ||    73
Evoke: Wand              |       |       |     1 |     8 |    11 |    29 |    23 |    10 |    15 ||    97
       Box of beasts     |       |       |       |       |     1 |       |       |     1 |       ||     2
       Lightning rod     |       |       |       |       |       |     4 |    19 |     8 |     6 ||    37
       Tin of tremorston |       |       |       |       |       |     1 |     8 |     2 |     5 ||    16
       Condenser vane    |       |       |       |       |       |     1 |     3 |       |     1 ||     5
  Use: Scroll            |     1 |    10 |     8 |     6 |    16 |    10 |    10 |    11 |    10 ||    82
       Potion            |       |     3 |     1 |       |     1 |     8 |     2 |    15 |    14 ||    44
 Stab: Sleeping          |       |     7 |    17 |     8 |    40 |    31 |    49 |     9 |    30 ||   191
       Distracted        |       |       |       |     4 |     4 |     3 |     7 |     3 |    10 ||    31
       Petrified         |       |       |       |       |       |     1 |       |       |       ||     1
       Paralysed         |       |       |       |       |       |       |     1 |       |       ||     1
       Confused          |       |       |       |       |       |       |       |     5 |     1 ||     6
       Held in net/web   |       |       |       |       |       |       |       |     1 |       ||     1
Armor: Robe              |    11 |    14 |    33 |     8 |       |       |       |       |     1 ||    67
       Skin              |       |    15 |       |       |       |       |       |       |       ||    15
       Steam dragon scal |       |       |     9 |    72 |   144 |       |       |       |       ||   225
       Scale mail        |       |       |       |       |    88 |   297 |   254 |   216 |       ||   855
       Plate armour      |       |       |       |       |       |       |       |   176 |  1024 ||  1200
Dodge: Dodged            |    39 |    54 |   178 |   478 |  1051 |  1141 |  1024 |   975 |  1853 ||  6793
Block: Buckler           |       |       |    31 |   223 |   636 |   887 |   807 |   812 |  1820 ||  5216
       Reflection        |       |       |       |       |       |       |       |       |    23 ||    23
       Kite shield       |       |       |       |       |       |       |       |       |   569 ||   569

Table legend: (Time is in decaauts)
 A = Elapsed time spent in this place.
 B = Non-inter-level travel time spent in this place.
 C = Inter-level travel time spent in this place.
 D = Time resting spent in this place.
 E = Time spent auto-exploring this place.
 F = Levels seen in this place.
 G = Mean time per level.
                   A        B        C        D        E       F      G
               +--------+--------+--------+--------+--------+-----+--------+
         Total | 145404 | 134781 |  10623 |  49120 |  47997 |  65 | 2237.0 |
       Dungeon |  27335 |  24464 |   2871 |   7376 |  11339 |  15 | 1822.3 |
        Temple |     82 |     62 |     20 |      0 |      0 |   1 |   82.0 |
          Lair |  15219 |  12998 |   2221 |   3732 |   5909 |   6 | 2536.5 |
        Shoals |  10988 |  10216 |    772 |   3769 |   3899 |   4 | 2747.0 |
   Spider Nest |  11462 |  11203 |    259 |   5306 |   3092 |   4 | 2865.5 |
    Slime Pits |   2260 |   2183 |     77 |    934 |      0 |   5 |  452.0 |
  Orcish Mines |   3575 |   3361 |    214 |    907 |   1578 |   2 | 1787.5 |
   Elven Halls |   9105 |   8888 |    217 |   3283 |   2656 |   3 | 3035.0 |
        Vaults |  22482 |  20565 |   1917 |   7114 |   8083 |   5 | 4496.4 |
         Crypt |   8162 |   7844 |    318 |   3662 |   2254 |   3 | 2720.7 |
          Tomb |   1189 |   1189 |      0 |    319 |      0 |   1 | 1189.0 |
        Depths |  15916 |  14799 |   1117 |   7135 |   4275 |   4 | 3979.0 |
          Hell |   1471 |   1432 |     39 |    427 |    528 |   1 | 1471.0 |
           Dis |    232 |    232 |      0 |     86 |      0 |   1 |  232.0 |
       Cocytus |    678 |    678 |      0 |      4 |    398 |   1 |  678.0 |
           Zot |  11201 |  10625 |    576 |   3294 |   3737 |   4 | 2800.2 |
        Bazaar |   1088 |   1088 |      0 |    496 |      0 |   2 |  544.0 |
         Trove |    197 |    197 |      0 |      0 |      0 |   1 |  197.0 |
        Bailey |   2151 |   2151 |      0 |   1145 |    244 |   1 | 2151.0 |
      Gauntlet |    602 |    602 |      0 |    129 |      0 |   1 |  602.0 |
               +--------+--------+--------+--------+--------+-----+--------+

Top non-repeatable levels by time:
Depths:1: 6434 daAuts
Vaults:4: 6222 daAuts
Vaults:5: 5185 daAuts
   Elf:3: 4398 daAuts
   Zot:2: 4209 daAuts
Vaults:3: 4097 daAuts
Vaults:1: 3819 daAuts
 Crypt:3: 3743 daAuts
Spider:2: 3691 daAuts
  Lair:1: 3587 daAuts
   Zot:1: 3484 daAuts
  Lair:6: 3456 daAuts
Shoals:4: 3446 daAuts
    D:14: 3294 daAuts
Depths:2: 3260 daAuts
